 Dungeon Crawl Stone Soup version 0.29.0-4-gdea44cf6ec (webtiles) character file.

Game seed: 9762141249565606154

27 qw the Chopper (level 3, -4/21 HPs)
             Began as a Tengu Warper on Aug 28, 2022.
             Slain by a gnoll
             ... wielding a +0 whip
              (6 damage)
             ... on level 2 of the Dungeon.
             The game lasted 00:00:06 (927 turns).

qw the Chopper (Tengu Warper)                        Turns: 927, Time: 00:00:06

Health: -4/21      AC:  5    Str: 13    XL:     3   Next: 10%
Magic:  7/7        EV: 11    Int: 13    God:
Gold:   92         SH:  0    Dex: 13    Spells: 6/6 levels left

rFire   . . .      SeeInvis .   Y - +0 hand axe
rCold   . . .      Faith    .   (no shield)
rNeg    . . .      Spirit   .   h - +0 ring mail
rPois   +          Reflect  .   (helmet restricted)
rElec   .          Harm     .   (no cloak)
rCorr   .          Rampage  .   (no gloves)
Will    .....                   (boots unavailable)
Stlth   +.........              (no amulet)
HPRegen 0.07/turn               d - ring of poison resistance
MPRegen 0.10/turn               (no ring)

@: no status effects
A: beak, talons 3
a: no special abilities


You were on level 2 of the Dungeon.
You visited 1 branch of the dungeon, and saw 2 of its levels.

You collected 92 gold pieces.


Innate Abilities, Weirdness & Mutations

You have a beak for a mouth.
You have claws for feet.


   Skills:
 - Level 2.0 Fighting
 + Level 3.8 Axes
 - Level 1.0 Throwing
 - Level 1.1 Armour
 - Level 2.1 Dodging
 - Level 2.0 Spellcasting
 - Level 2.4 Translocations


You had 6 spell levels left.
You didn't know any spells.
Your spell library contained the following spells:

 Spells                   Type           Power      Damage    Failure   Level
 Blink                    Tloc           14%        N/A       30%         2
 Gell's Gravitas          Tloc           7%         N/A       52%         3
 Lesser Beckoning         Tloc           7%         N/A       52%         3
 Teleport Other           Tloc           7%         N/A       52%         3
 Manifold Assault         Tloc           7%         N/A       99%         5

Inventory:

Hand Weapons
 f - a +0 whip
 Y - a +0 hand axe (weapon)
Armour
 a - a +0 plate armour
 h - a +0 ring mail (worn)
Jewellery
 d - a ring of poison resistance (left hand)
Potions
 j - a potion of ambrosia {unknown}

Dungeon Overview and Level Annotations

Branches:
Dungeon (2/15)

Altars:


Message History

The quokka closely misses you.
You hit the goblin. Your kick misses the goblin. You peck the goblin.
You kill the goblin!
You barely miss the quokka. The quokka barely misses you.
You hit the quokka.
The quokka is moderately wounded.
The quokka bites you but does no damage.
The quokka barely misses you.
You barely miss the quokka. Your kick misses the quokka.
The quokka is moderately wounded.
The quokka bites you.
You miss the quokka. Your kick misses the quokka.
The quokka is moderately wounded.
The quokka barely misses you.
You closely miss the quokka. You claw the quokka.
The quokka is severely wounded.
The quokka bites you.
The quokka bites you but does no damage.
You miss the quokka. You claw the quokka. Your peck misses the quokka.
The quokka is almost dead.
The quokka barely misses you.
You hit the quokka.
You kill the quokka!
You start resting.
HP restored.
You see here a +0 dagger.
A gnoll comes into view. It is wielding a +0 halberd.
The gnoll shouts!
You hear a shout! x2
920 ||| Stepping ~*~*~tactically~*~*~ (hiding).
You start waiting.
An endoplasm comes into view. 2 gnolls come into view.
The gnoll shouts!
The gnoll misses you. The gnoll hits you with a +0 whip.
The gnoll hits you with a +0 halberd!
Ouch! That really hurt!
You barely miss the gnoll. You closely miss the gnoll.
The gnoll hits you with a +0 halberd. The gnoll hits you with a +0 whip.
You die...

##.###.#
........#
..#...... .
.......# #..
#.#...###....
#.g..........
#...gg.......
#.@#
#J#####.#
#.......#
#######.#
##.## ##...##
##.....####
#77
#.......).#
.Pr77 7
##.....##.#
7.77.7. .


You could see 3 gnolls.

Vanquished Creatures
  2 dart slugs (D:1)
  An endoplasm (D:1)
  A giant cockroach (D:1)
  3 goblins
  3 quokkas
  4 bats (D:1)
  A frilled lizard (D:1)
  6 kobolds (D:1)
  A rat (D:1)
22 creatures vanquished.

Vanquished Creatures (others)
  24 plants (D:2)
24 creatures vanquished.

Grand Total: 46 creatures vanquished

Notes
Turn   | Place    | Note
-------+----------+-------------------------------------------
     0 | D:1      | qw the Tengu Warper began the quest for the Orb.
     0 | D:1      | Reached XP level 1. HP: 12/12 MP: 4/4
     0 | D:1      | 0 ||| qw: Version: 0.1-a-89-g26bdef1
     0 | D:1      | 0 ||| qw: Game counter: 1736
     0 | D:1      | 0 ||| qw: Always use a shield: true
     0 | D:1      | 0 ||| qw: God list: Okawaru
     0 | D:1      | 0 ||| qw: Allow faded altars: false
     0 | D:1      | 0 ||| qw: Do Orc after D:15 true
     0 | D:1      | 0 ||| qw: Do second Lair branch before Depths: true
     0 | D:1      | 0 ||| qw: Lair rune preference: random
     0 | D:1      | 0 ||| qw: Plans: Normal
     0 | D:1      | 0 ||| PLANNING D:1-11
   122 | D:1      | Reached XP level 2. HP: 15/17 MP: 6/6
   123 | D:1      | Reached skill level 3 in Axes
   341 | D:1      | 341 ||| Stepping ~*~*~tactically~*~*~ (stealth).
   342 | D:1      | 342 ||| Stepping ~*~*~tactically~*~*~ (stealth).
   343 | D:1      | 343 ||| Stepping ~*~*~tactically~*~*~ (stealth).
   648 | D:1      | Reached XP level 3. HP: 19/21 MP: 7/7
   706 | D:1      | 706 ||| UPGRADING to +0 ring mail.
   716 | D:1      | 716 ||| DROPPING +0 leather armour.
   717 | D:1      | 717 ||| UPGRADING to ring of poison resistance.
   718 | D:1      | 718 ||| READING scroll labelled NOBLUO TAIFIYS.
   719 | D:1      | 719 ||| READING scroll labelled XAL GAGENUTAIPH.
   720 | D:1      | 720 ||| READING scroll labelled QOTZAB PARIOTH.
   721 | D:1      | 721 ||| DROPPING scroll of blinking.
   920 | D:2      | 920 ||| Stepping ~*~*~tactically~*~*~ (hiding).
   927 | D:2      | HP: 2/21 [gnoll/+0 halberd (5)]
   927 | D:2      | Slain by a gnoll

Levels and vault maps discovered:
D:1:      dpeg_arrival_rooms_c, layout_rooms
D:2:      wad_woods_stonehenge, layout_loops_corners, uniq_crazy_yiuf_cottage

Skill      XL: |  1  2 |
---------------+-------+-----
Axes           | 3 |  3.8
Fighting       | |  2.0
Throwing       | |  1.0
Armour         | |  1.1
Dodging        | |  2.1
Spellcasting   | |  2.0
Translocations | |  2.4

Action                   || total
-------------------------++-------
Melee: Hand axe          ||    38
       Kick              ||    13
       Peck              ||     2
Throw: Boomerang         ||     7
  Use: Scroll            ||     3
Armor: Leather armour    ||    11
       Ring mail         ||     2
Dodge: Dodged            ||    16

Table legend:
 A = Non-vault XP
 B = Vault XP
 C = Vault XP percentage of total XP
 D = Non-vault monster count
 E = Vault monster count
 F = Vault count percentage of total count
                 A         B        C        D         E       F
            +---------+---------+-------+---------+---------+-------
      Total |      37 |       2 |   5.1 |      21 |       1 |   4.5
            +---------+---------+-------+---------+---------+-------
        D:1 |      35 |       0 |   0.0 |      20 |       0 |   0.0
        D:2 |       2 |       2 |  50.0 |       1 |       1 |  50.0
            +---------+---------+-------+---------+---------+-------
